 Dungeon Crawl Stone Soup version 0.26-a0-661-g406de6ba63 (webtiles) character file.

Game seed: 15461437082278635981

197 timneilson the Covered (level 5, -3/33 HPs)
             Began as a Gargoyle Fighter on Oct 8, 2020.
             Killed by divine providence
             ... invoked by an orc priest
              (15 damage)
             ... on level 3 of the Dungeon.
             The game lasted 00:03:51 (2369 turns).

timneilson the Covered (Gargoyle Fighter)           Turns: 2369, Time: 00:03:52

Health: -3/33      AC: 14    Str: 20    XL:     5   Next: 75%
Magic:  5/5        EV:  7    Int:  9    God:
Gold:   64         SH: 10    Dex:  9    Spells: 4/4 levels left

rFire    . . .     SeeInvis .   a - +0 long sword
rCold    . . .     Faith    .   c - +1 kite shield
rNeg     + . .     Spirit   .   b - +0 scale mail
rPois    ∞         Reflect  .   l - +2 hat
rElec    +         Harm     .   (no cloak)
rCorr    .         Rampage  .   (no gloves)
MR       .....                  g - +0 pair of boots
Stlth    ..........             (no amulet)
HPRegen  0.11/turn              (no ring)
MPRegen  0.09/turn              (no ring)

@: no status effects
A: negative energy resistance 1, electricity resistance, unbreathing,
petrification resistance, rot immunity, AC +4
a: no special abilities


You were on level 3 of the Dungeon.
You visited 1 branch of the dungeon, and saw 3 of its levels.

You collected 64 gold pieces.

Inventory:

Hand Weapons
 a - a +0 long sword (weapon)
Armour
 b - a +0 scale mail (worn)
 c - a +1 kite shield (worn)
 g - a +0 pair of boots (worn)
 l - a +2 hat (worn)
Wands
 f - a wand of iceblast (1)
Scrolls
 e - a scroll of identify
Potions
 d - a potion of might
 h - 2 potions of heal wounds
 i - a potion of resistance {unknown}
 j - a potion of berserk rage {unknown}
 m - a potion of magic {unknown}
 o - a potion of curing {unknown}


   Skills:
 + Level 4.0 Fighting
 * Level 3.1 Long Blades
 * Level 4.5 Armour
 * Level 4.5 Shields
 + Level 0.0 Evocations


You had 4 spell levels left.
You didn't know any spells.
Your spell library was empty.

Dungeon Overview and Level Annotations

Branches:
Dungeon (3/15)

Altars:
The Shining One


Innate Abilities, Weirdness & Mutations

You are resistant to torment.
Your stone body is resilient. (AC +4)
You are immune to poison.
You resist negative energy. (rN+)
You are resistant to electric shocks. (rElec)
You can survive without breathing.
You are immune to petrification.
You are immune to rotting.


Message History

You block the giant cockroach's attack.
The orc priest hits you but does no damage.
The giant cockroach bites you but does no damage.
You block the orc priest's attack.
Your shield and scale mail prevent you from hitting the orc priest.
The orc priest is almost dead.
The giant cockroach bites you but does no damage.
The orc priest hits you. You block the giant cockroach's attack.
You closely miss the orc priest.
The orc priest is almost dead.
The orc priest barely misses you.
A kobold comes into view. It is wielding a +0 whip.
You block the giant cockroach's attack.
You barely miss the orc priest.
The orc priest is almost dead.
The kobold shouts!
You block the giant cockroach's attack.
The orc priest mumbles some strange prayers to Beogh against you.
Beogh smites you!
You die...

## #.. # #.. #### #..
.....####..##
............############
................@og.....
#....#.......####B.....K
# .....##..............
## ##.###.###.........
.#####...##......(......
.......⌠.....###........
.#####...#..#...........
## ##.##....###....... #
#.#>...##


You could see an orc priest, a giant cockroach, a hobgoblin and a kobold.

Vanquished Creatures
  A quasit (D:3)
  Ijyb (D:3)
  Terence (D:2)
  4 adders (D:3)
  An ooze (D:1)
  5 worms
  3 dart slugs
  A leopard gecko (D:1)
  4 orcs (D:3)
  2 bats
  2 goblins
  5 hobgoblins
  2 quokkas
  2 frilled lizards
  4 kobolds (D:2)
  18 rats (D:2)
  2 bushes (D:1)
58 creatures vanquished.

Vanquished Creatures (others)
  A rat (D:3)
1 creature vanquished.

Grand Total: 59 creatures vanquished

Notes
Turn   | Place    | Note
-------+----------+-------------------------------------------
     0 | D:1      | timneilson the Gargoyle Fighter began the quest for the
                  | Orb.
     0 | D:1      | Reached XP level 1. HP: 14/14 MP: 1/1
   101 | D:1      | Reached XP level 2. HP: 19/19 MP: 2/2
   530 | D:1      | Found a glowing golden altar of the Shining One.
  1258 | D:2      | Reached XP level 3. HP: 3/23 MP: 3/3
  1614 | D:2      | Noticed Terence
  1632 | D:2      | Killed Terence
  1698 | D:2      | Reached XP level 4. HP: 28/28 MP: 4/4
  2222 | D:3      | Noticed Ijyb
  2242 | D:3      | Reached XP level 5. HP: 29/33 MP: 5/5
  2272 | D:3      | Killed Ijyb
  2369 | D:3      | Killed from afar by an orc priest

Illustrated notes

Levels and vault maps discovered:
D:1:      heliophobic_arrival_ceremonial_halls, layout_loops_ring,
          serial_forest, infiniplex_forest_straight_5,
          infiniplex_forest_lined_3, infiniplex_forest_clump_medium,
          infiniplex_forest_clump_cross, infiniplex_forest_lined_2,
          infiniplex_forest_clump_long, infiniplex_forest_side_room,
          infiniplex_forest_straight_3, infiniplex_forest_lined_room_3,
          tso_altar
D:2:      layout_rooms, serial_glass, glass_columns_a, glass_columns_b,
          minmay_rat_hole, uniq_terence
D:3:      layout_rooms, minmay_misc_feat_tower, uniq_ijyb

Skill      XL: |  1  2  3  4  5 |
---------------+----------------+-----
Long Blades    | 2 3 |  3.1
Armour         | 4 |  4.5
Shields        | 4 |  4.5
Fighting       | 4 |  4.0

Action                   |  1- 3 |  4- 6 || total
-------------------------+-------+-------++-------
Melee: Long sword        |   224 |   152 ||   376
  Use: Scroll            |       |     5 ||     5
Armor: Scale mail        |    26 |   103 ||   129
Dodge: Dodged            |    13 |    66 ||    79
Block: Kite shield       |    21 |    96 ||   117
       Rpst.: Long sword |     5 |    22 ||    27

Table legend: (Time is in decaauts)
 A = Elapsed time spent in this place.
 B = Non-inter-level travel time spent in this place.
 C = Inter-level travel time spent in this place.
 D = Time resting spent in this place.
 E = Time spent auto-exploring this place.
 F = Levels seen in this place.
 G = Mean time per level.
                   A        B        C        D        E       F      G
               +--------+--------+--------+--------+--------+-----+--------+
         Total |   2501 |   2344 |    157 |      0 |   1650 |   3 |  833.7 |
       Dungeon |   2501 |   2344 |    157 |      0 |   1650 |   3 |  833.7 |
               +--------+--------+--------+--------+--------+-----+--------+

Top non-repeatable levels by time:
     D:1: 1257 daAuts
     D:2: 905 daAuts
     D:3: 337 daAuts
